 Dungeon Crawl Stone Soup version 0.31-a0-232-gb1c03b2570 (webtiles) character file.

Game seed: 11628031260794469220

1199 Essalna the Ruffian (level 8, -3/68 HPs)
             Began as a White Draconian Transmuter on July 7, 2023.
             Succumbed to a killer bee's poison
             ... on level 5 of the Dungeon.
             The game lasted 00:10:04 (4720 turns).

Essalna the Ruffian (White Draconian Transmuter)    Turns: 4720, Time: 00:10:05

Health: -3/68      AC:  7    Str: 14    XL:     8   Next: 20%
Magic:  11/11      EV: 11    Int: 15    God:
Gold:   277        SH:  3    Dex: 11    Spells: 6/11 levels left

rFire   . .          .
                       - Unarmed
rCold   + . .        n - +0 buckler
rNeg    . . .        (body armour unavailable)
rPois   .            w - melded +2 hat {SInv}
rElec   .            f - +0 cloak
rCorr   .            (no gloves)
SInv    .            (boots currently unavailable)
Will    .....        (no amulet)
Stlth   ++           (no ring)
HPRegen 0.31/turn    (no ring)
MPRegen 0.12/turn

%: no passive effects
@: mighty, lethally poisoned (-3 -> -39), appendages (expiring), hasted, very
quick
A: horns 2, talons 2, breathe frost, AC +6, unfitting armour, cold resistance 1,
cold-blooded
a: Breathe Frost, End Transformation


You were on level 5 of the Dungeon.
You had temporarily grown beastly horns and talons.
You visited 1 branch of the dungeon, and saw 5 of its levels.

You collected 277 gold pieces.

Inventory:

Armour
 f - a +0 cloak (worn)
 n - a +0 buckler (worn)
 w - a +2 hat of see invisible (melded)
Jewellery
 v - an amulet of faith
Wands
 u - a wand of mindburst (8)
Scrolls
 c - 2 scrolls of brand weapon {unknown}
 e - a scroll of blinking {unknown}
 i - 3 scrolls of teleportation {unknown}
 j - a scroll of fear {unknown}
 k - a scroll of enchant armour {unknown}
 l - 5 scrolls of identify
 p - a scroll of noise {unknown}
 q - 3 scrolls of amnesia {unknown}
 s - a scroll of poison {unknown}
 t - a scroll of fog {unknown}
Potions
 a - a potion of lignification
 b - 2 potions of berserk rage
 h - a potion of attraction {unknown}
 m - 2 potions of haste
 o - a potion of enlightenment {unknown}
 r - a potion of brilliance {unknown}


   Skills:
 + Level 5.1 Fighting
 - Level 1.7 Dodging
 + Level 3.4 Stealth
 + Level 5.5 Unarmed Combat
 - Level 2.0 Spellcasting
 + Level 5.0 Transmutations
 + Level 4.5 Ice Magic


You had 6 spell levels left.
You knew the following spells:

 Your Spells              Type           Power      Damage    Failure   Level
a - Beastly Appendage     Tmut           32%        N/A       3%          1
b - Ice Form              Ice/Tmut       15%        N/A       38%         4

Your spell library contained the following spells:

 Spells                   Type           Power      Damage    Failure   Level
 Wereblood                Tmut           16%        N/A       6%          2
 Spider Form              Tmut/Pois      9%         N/A       32%         3


Dungeon Overview and Level Annotations

Branches:
Dungeon (5/15)
 Temple: D:4-7

Altars:
Qazlal
Sif Muna
Uskayaw
The Shining One


Innate Abilities, Weirdness & Mutations

You have temporarily grown beastly horns and talons.
You can breathe waves of freezing cold which knock back foes.
Your icy white scales are hard. (AC +6)
You cannot fit into any form of body armour.
Your flesh is cold resistant. (rC+)
You are cold-blooded and may be slowed by cold attacks.


Message History

The killer bee completely misses you. The killer bee stings you.
You are more poisoned.
The killer bee poisons you!
Okay, then.
Okay, then.
Aiming: Mindburst
Press: ? - help, Shift-Dir - straight line, f - killer bee, p - killer bee
Aim: a killer bee (chance to affect: 72%)
The killer bee struggles to resist.
Your transformation is almost over.
You have got your breath back.
* * * LOW HITPOINT WARNING * * *
You feel extremely sick. The killer bee stings you.
* * * LOW HITPOINT WARNING * * *
You are more poisoned.
The killer bee poisons you! You block the killer bee's attack.
The killer bee stings you.
* * * LOW HITPOINT WARNING * * *
You are more poisoned.
The killer bee poisons you! The killer bee closely misses you.
You feel much better.
You feel extremely sick. The killer bee closely misses you.
The killer bee barely misses you.
The killer bee stings you but does no damage. x2
It was a potion of haste.
You feel yourself speed up.
* * * LOW HITPOINT WARNING * * *
You feel extremely sick.
The killer bee stings you but does no damage.
The killer bee stings you.
* * * LOW HITPOINT WARNING * * *
The killer bee stings you.
* * * LOW HITPOINT WARNING * * *
The killer bee stings you.
* * * LOW HITPOINT WARNING * * *
You are more poisoned.
The killer bee poisons you!
It was a potion of might.
You feel very mighty all of a sudden.
You die...

...###.# ##....#.#####...###
##.##..####..#........#..##
##.....##.........###.....#
######..#....##...##...##.#
..####......###..###..###.#
.......#...####..###..# #.#
#####...(.............###.#
.<........................#
.######..######y@###...#..####
###..§..## #y†# ###.......##
#.##).# #..# #........##
###.#..## #.†# #.........#
.)..#.## #........#
###.......## ###...#
#........# #........# ##..###
#........# ########(# ...##
#........# #.# #### #.......?#
###


You could see 2 killer bees.

Vanquished Creatures
  Sigmund (D:4)
  An ice beast (D:5)
  An ogre (D:5)
  2 phantoms
  A centaur (D:5)
  A scorpion (D:5)
  4 killer bees (D:5)
  A howler monkey (D:5)
  A jelly (D:5)
  A hound (D:5)
  An orc priest (D:4)
  Crazy Yiuf (D:2)
  An iguana (D:3)
  A sleepcap (D:5)
  Terence (D:2)
  3 adders
  3 gnolls (D:5)
  A worm (D:5)
  A dart slug (D:2)
  6 orcs
  10 endoplasms
  3 giant cockroaches
  12 goblins
  9 hobgoblins
  6 jackals
  7 kobolds
  6 quokkas
  10 ball pythons
  9 bats
  2 frilled lizards (D:3)
  6 rats
113 creatures vanquished.

Notes
Turn   | Place    | Note
-------+----------+-------------------------------------------
     0 | D:1      | Essalna the Draconian Transmuter began the quest for the
                  | Orb.
     0 | D:1      | Reached XP level 1. HP: 16/16 MP: 3/3
   355 | D:1      | Reached XP level 2. HP: 23/23 MP: 3/5
   776 | D:1      | Reached XP level 3. HP: 29/29 MP: 3/6
  1034 | D:2      | Noticed Terence
  1040 | D:2      | Killed Terence
  1152 | D:2      | Reached XP level 4. HP: 14/37 MP: 5/7
  1340 | D:2      | Found a runed translucent door.
  1341 | D:2      | Noticed Crazy Yiuf
  1369 | D:2      | Killed Crazy Yiuf
  1448 | D:2      | Learned a level 4 spell: Ice Form
  2266 | D:3      | Reached XP level 5. HP: 45/45 MP: 6/8
  2323 | D:3      | Found a shimmering blue altar of Sif Muna.
  2420 | D:3      | Found a hide-covered altar of Uskayaw.
  2467 | D:3      | Reached skill level 1 in Ice Magic
  2937 | D:4      | Found a stormy altar of Qazlal.
  3085 | D:4      | Noticed Sigmund
  3116 | D:4      | Killed Sigmund
  3117 | D:4      | Reached skill level 1 in Stealth
  3117 | D:4      | Reached XP level 6. HP: 10/52 MP: 9/9
  3974 | D:5      | Entered Level 5 of the Dungeon
  4008 | D:5      | Your scales start taking on an icy white colour.
  4008 | D:5      | Reached XP level 7. HP: 59/59 MP: 8/10
  4008 | D:5      | Gained mutation: Your flesh is cold resistant. (rC+) [White
                  | Draconian growth]
  4058 | D:5      | Reached skill level 5 in Unarmed Combat
  4449 | D:5      | Found a glowing golden altar of the Shining One.
  4486 | D:5      | Reached XP level 8. HP: 47/67 MP: 9/11
  4640 | D:5      | Reached skill level 5 in Fighting
  4712 | D:5      | Reached skill level 5 in Transmutations
  4719 | D:5      | HP: 2/68 [killer bee (6)]
  4720 | D:5      | Succumbed to a killer bee's poison

Illustrated notes

Levels and vault maps discovered:
D:1:      mainiacjoe_arrival_reflecting_pool, layout_loops_corners,
          chequers_arboretum
D:2:      minmay_chambers_of_twos, layout_basic, serial_rivers,
          chequers_serial_rivers_micro_b, chequers_serial_rivers_micro_b,
          chequers_serial_rivers_micro_c, chequers_serial_rivers_small_b,
          chequers_serial_rivers_micro_b, uniq_crazy_yiuf_cottage, uniq_terence
D:3:      minmay_spotlight, layout_rooms, led_sif_pool, nicolae_uskayaw_suspiria
D:4:      layout_loops_ring, grunt_qazlal_clouds, minmay_misc_feat_ornament,
          uniq_sigmund
D:5:      layout_rooms, mainiacjoe_overflow_six_doors_small,
          grunt_gozag_breadcrumbs

Skill      XL: |  1  2  3  4  5  6  7  8 |
---------------+-------------------------+-----
Fighting       | 2 3 4 5 |  5.1
Transmutations | 3 4 5 |  5.0
Unarmed Combat | 4 5 |  5.5
Ice Magic      | 1 3 4 |  4.5
Stealth        | 1 2 3 |  3.4
Dodging        | |  1.7
Spellcasting   | |  2.0

Action                     |  1- 3 |  4- 6 |  7- 9 || total
---------------------------+-------+-------+-------++-------
  Melee: Unarmed           |    88 |   175 |   102 ||   365
         Kick              |    22 |    35 |    26 ||    83
         Headbutt          |     5 |    33 |    15 ||    53
         Tailslap          |     4 |    14 |    10 ||    28
         Punch             |     1 |     1 |       ||     2
   Cast: Beastly Appendage |    22 |    44 |    13 ||    79
Ability: Breathe Frost     |       |       |     3 ||     3
  Evoke: Wand              |       |     1 |     1 ||     2
    Use: Scroll            |     2 |       |       ||     2
         Potion            |     1 |     1 |     4 ||     6
   Stab: Sleeping          |     1 |     1 |       ||     2
 Armour: Skin              |    20 |    62 |    47 ||   129
  Dodge: Dodged            |    63 |    82 |    73 ||   218
  Block: Buckler           |       |    10 |    16 ||    26

Table legend: (Time is in decaauts)
 A = Elapsed time spent in this place.
 B = Non-inter-level travel time spent in this place.
 C = Inter-level travel time spent in this place.
 D = Time resting spent in this place.
 E = Time spent auto-exploring this place.
 F = Levels seen in this place.
 G = Mean time per level.
                   A        B        C        D        E       F      G
               +--------+--------+--------+--------+--------+-----+--------+
         Total |   4727 |   4613 |    114 |     99 |   3676 |   5 |  945.4 |
       Dungeon |   4727 |   4613 |    114 |     99 |   3676 |   5 |  945.4 |
               +--------+--------+--------+--------+--------+-----+--------+

Top non-repeatable levels by time:
     D:4: 1282 daAuts
     D:2: 1220 daAuts
     D:1: 1030 daAuts
     D:5: 640 daAuts
     D:3: 553 daAuts
